 Dungeon Crawl Stone Soup version 0.27-a0-1308-gc08437e49b (webtiles) character file.

Game seed: 7584866121726881963

6 bilbop the Caller (level 1, 0/14 HPs)
             Began as a Merfolk Summoner on June 19, 2021.
             Slain by a jackal (3 damage)
             ... on level 1 of the Dungeon.
             The game lasted 00:03:09 (518 turns).

bilbop the Caller (Merfolk Summoner)                 Turns: 518, Time: 00:03:10

Health: 0/14       AC:  2    Str:  8    XL:     1   Next: 90%
Magic:  3/3        EV: 12    Int: 14    God:
Gold:   30         SH:  0    Dex: 14    Spells: 3/4 levels left

rFire    . . .     SeeInvis .   a - +0 dagger
rCold    . . .     Faith    .   (no shield)
rNeg     . . .     Spirit   .   b - +0 robe
rPois    .         Reflect  .   (no helmet)
rElec    .         Harm     .   (no cloak)
rCorr    .         Rampage  .   (no gloves)
Will     .....                  (no boots)
Stlth    ++........             (no amulet)
HPRegen  0.04/turn              (no ring)
MPRegen  0.08/turn              (no ring)

@: no status effects
A: (nimble swimmer 2), mertail
a: no special abilities


You were on level 1 of the Dungeon.
You visited 1 branch of the dungeon, and saw 1 of its levels.

You collected 30 gold pieces.

Inventory:

Hand Weapons
 a - a +0 dagger (weapon)
Armour
 b - a +0 robe (worn)
Potions
 c - a potion of ambrosia {unknown}


   Skills:
 + Level 0.4 Fighting
 + Level 0.3 Short Blades
 + Level 2.8 Dodging
 + Level 2.3 Stealth
 + Level 2.0 Spellcasting
 + Level 4.0 Summonings


You had 3 spell levels left.
You knew the following spells:

 Your Spells              Type           Power      Damage    Failure   Level
a - Summon Small Mammal   Summ           48%        N/A       4%          1

Your spell library contained the following spells:

 Spells                   Type           Power      Damage    Failure   Level
 Call Imp                 Summ           12%        N/A       7%          2
 Call Canine Familiar     Summ           12%        N/A       13%         3
 Summon Guardian Golem    Hex/Summ       7%         N/A       30%         3
 Confusing Touch          Hex            1%         N/A       56%         3
 Gell's Gravitas          Tloc           0%         N/A       56%         3
 Summon Ice Beast         Ice/Summ       7%         N/A       71%         4
 Summon Lightning Spire   Summ/Air       7%         N/A       71%         4
 Petrify                  Tmut/Erth      1%         N/A       93%         4
 Metabolic Englaciation   Hex/Ice        0%         N/A       100%        5
 Yara's Violent Unravell  Hex/Tmut       0%         3d3       100%        5


Dungeon Overview and Level Annotations

Branches:
Dungeon (1/15)

Altars:


Innate Abilities, Weirdness & Mutations

((You are quick and stealthy near water. (Stealth+, EV+, Speed+++)))
Your lower body shifts to a powerful aquatic tail in water.


Message History

You are too injured to fight recklessly!
You are too injured to fight recklessly!
The jackal barks!
There is an open door here.
The kobold misses you.
Your bat closely misses the kobold.
The kobold hits you but does no damage.
Your bat hits the kobold but does no damage.
Your bat misses the kobold.
Your bat closely misses the kobold.
The jackal bites your bat.
Your bat dies!
Your bat's corpse disappears in a puff of smoke!
The kobold completely misses you.
You swap places.
Your bat hits the kobold but does no damage.
The jackal misses your bat.
Your bat hits the kobold.
Your bat closely misses the kobold.
Your rat closely misses the kobold.
Your bat barely misses the kobold.
The jackal bites your rat.
You open the door. The jackal bites your rat.
Your rat dies!
Your rat's corpse disappears in a puff of smoke!
The kobold closely misses you. The jackal completely misses you.
Your bat misses the kobold. Your bat misses the jackal.
There is an open door here.
You are too depleted to draw on your mana recklessly!
Your bat closely misses the kobold.
Your bat barely misses the jackal.
Your bat misses the jackal. The jackal bites you.
Your bat hits the kobold but does no damage.
Your bat barely misses the kobold.
The jackal closely misses you.
You see here a bat skeleton.
The jackal barely misses you. The jackal barely misses you.
The jackal completely misses you.
The jackal bites you but does no damage.
The jackal bites you but does no damage.
The jackal barely misses you. The jackal bites you. The jackal bites you.
* * * LOW HITPOINT WARNING * * *
The jackal bites you.
You die...

###### #...# #....#
#...######### #....###
#...........#
#......#######...........#
#......##.......)........#
#......##.......#........#
####...##.......#........#
#.>.''.......+...######
######...##@h.....#.###.....
#....##'###.hh....###.......
#....##†# #.....###.h.......
#....##'#######.K...........
#........# #####........##.#
#........###........#...##.#
###......'.'........'...+...
#......###........#...##.#
#......# #........#...##.#


You could see 3 jackals and a kobold.

Vanquished Creatures
  A bat (D:1)
1 creature vanquished.

Vanquished Creatures (collateral kills)
  2 ball pythons (D:1)
  An endoplasm (D:1)
  3 giant cockroaches (D:1)
  A hobgoblin (D:1)
7 creatures vanquished.

Grand Total: 8 creatures vanquished

Notes
Turn   | Place    | Note
-------+----------+-------------------------------------------
     0 | D:1      | bilbop the Merfolk Summoner began the quest for the Orb.
     0 | D:1      | Reached XP level 1. HP: 13/13 MP: 3/3
   518 | D:1      | Slain by a jackal

Illustrated notes

Levels and vault maps discovered:
D:1:      mrwooster_arrival_statue_2, layout_basic,
          hellmonk_ecumenical_altar_zigzags

Action                   || total
-------------------------++-------
Melee: Dagger            ||    11
 Cast: Summon Small Mamm ||    20
 Stab: Sleeping          ||     1
Armor: Robe              ||     7
Dodge: Dodged            ||    14

Table legend: (Time is in decaauts)
 A = Elapsed time spent in this place.
 B = Non-inter-level travel time spent in this place.
 C = Inter-level travel time spent in this place.
 D = Time resting spent in this place.
 E = Time spent auto-exploring this place.
 F = Levels seen in this place.
 G = Mean time per level.
                   A        B        C        D        E       F      G
               +--------+--------+--------+--------+--------+-----+--------+
         Total |    517 |    514 |      3 |      0 |    393 |   1 |  517.0 |
       Dungeon |    517 |    514 |      3 |      0 |    393 |   1 |  517.0 |
               +--------+--------+--------+--------+--------+-----+--------+

Top non-repeatable levels by time:
     D:1: 517 daAuts
